 Dungeon Crawl Stone Soup version 0.19.5 (webtiles) character file.

4879 equalderp2856 the Slasher (level 10, -34/77 HPs)
             Began as a Mummy Fighter on Mar 31, 2017.
             Killed from afar by a fire dragon (57 damage)
             ... with a blast of flame
             ... on level 8 of the Dungeon.
             The game lasted 01:04:26 (21163 turns).

equalderp2856 the Slasher (Mummy Fighter)          Turns: 21163, Time: 01:04:27

Health: -34/77     AC:  5    Str: 21    XL:     10   Next: 26%
Magic:  12/12      EV: 13    Int:  8    God:
Gold:   407        SH:  5    Dex: 13    Spells: 2 memorised, 8 levels left

rFire  x . .     SeeInvis .     (no weapon)
rCold  + . .     Gourm    .     t - -1 robe (curse)
rNeg   + + +     Faith    .     Q - +0 buckler
rPois  ∞         Spirit   .     (no helmet)
rElec  .         Reflect  .     (no cloak)
rCorr  +         Harm     .     k - +0 pair of gloves
MR     +....     Rnd*Tele +     f - +1 pair of boots
Stlth  ++........               (no amulet)
                                G - ring of teleportation (curse)
                                d - ring of resist corrosion

@: no status effects
A: no food or potions, fire vulnerability, cold resistance 1, negative energy
resistance 3, torment resistance, unbreathing
a: no special abilities


You were on level 8 of the Dungeon.
You were not hungry.

You visited 1 branch of the dungeon, and saw 9 of its levels.

You collected 407 gold pieces.

Inventory:

Hand Weapons
 a - a +1 long sword
 g - a cursed -1 falchion
 h - a +0 long sword
 m - a +0 shortbow
 q - a +0 dagger of draining
 r - a cursed -1 whip
 s - a +0 great sword
 y - a +0 falchion
 D - a +0 hand crossbow
 F - a +0 shortbow
 K - a +2 whip of flaming
 M - a +0 rapier
 P - a +0 vampiric trident
 S - a +1 battleaxe of distortion
Missiles
 l - 121 arrows
 u - 53 sling bullets
 v - 264 stones (quivered)
 w - 65 bolts
 A - 2 tomahawks of returning
Armour
 b - a +0 scale mail
 c - a +0 shield
 f - a +1 pair of boots (worn)
 k - a +0 pair of gloves (worn)
 t - a cursed -1 robe (worn)
 C - a +0 chain mail
 L - a +2 robe of resistance
 N - a +0 plate armour
 Q - a +0 buckler (worn)
Magical Staves
 H - an uncursed staff of conjuration
Jewellery
 d - a ring of resist corrosion (left hand)
 G - a cursed ring of teleportation (right hand)
 T - a +3 ring of strength {unknown}
Wands
 n - a wand of polymorph (19/24)
 o - a wand of random effects (18/48)
 p - a wand of acid (4/15)
 J - a wand of random effects (29/48)
Scrolls
 e - 3 scrolls of identify
 i - 2 scrolls of recharging
 j - a scroll of amnesia
 x - a scroll of fog
 B - 2 scrolls of enchant armour
Potions
 z - 3 potions of degeneration {unknown}
Books
 E - a book of Battle

   Spells                             Type                      Level
   a - Infusion                       Charms                       1
   b - Shroud of Golubria             Charms/Translocation         2
   c - Song of Slaying                Charms                       2
   d - Spectral Weapon                Hexes/Charms                 3
   e - Regeneration                   Charms/Necromancy            3
 R - a book of Misfortune

   Spells                             Type                      Level
   a - Confusing Touch                Hexes                        1
   b - Confuse                        Hexes                        3
   c - Gell's Gravitas                Hexes/Translocation          3
   d - Petrify                        Transmutation/Earth          4
   e - Metabolic Englaciation         Hexes/Ice                    5
   f - Yara's Violent Unravelling     Hexes/Transmutation          5


   Skills:
 - Level 6.4 Fighting
 - Level 7.5 Long Blades
 - Level 5.8 Armour
 - Level 2.8 Dodging
 - Level 1.2 Stealth
 - Level 6.3 Shields
 + Level 1.6 Spellcasting
 * Level 2.6 Hexes


You had 8 spell levels left.
You knew the following spells:

 Your Spells              Type           Power        Failure   Level  Hunger
a - Confusing Touch       Hex            #.....       14%         1    N/A
b - Confuse               Hex            #.......     38%         3    N/A

Dungeon Overview and Level Annotations

Branches:
Dungeon (9/15)             Temple (0/1) D:5             Orc (0/2) D:9
   Lair: D:8-11

Altars:
Elyvilon
Okawaru
Ru
Sif Muna
Uskayaw
Yredelemnul

Shops:
D:8 [

Annotations:
D:7 Dowan, Duvessa
D:8 Maurice


Innate Abilities, Weirdness & Mutations

You do not eat or drink.
Your flesh is vulnerable to fire.
You are immune to poison.
Your flesh is cold resistant. (rC+)
You are immune to negative energy. (rN+++)
You are immune to unholy pain and torment.
You can survive without breathing.


Message History

Things that are here:
a robe; a dagger A fire dragon comes into view.
The fire dragon roars deafeningly!
The fire dragon breathes flames at you. The blast of flame hits you!
The fire burns you terribly!
Ouch! That really hurt!
The fire dragon breathes flames at you. The blast of flame hits you!
The fire burns you terribly!
* * * LOW HITPOINT WARNING * * *
Things that are here:
a robe; a dagger
There is a stone staircase leading down here.
Things that are here:
a leather armour; a falchion
Items here: )))) [[ The fire dragon breathes flames at you.
The blast of flame hits you! The fire burns you terribly!
Ouch! That really hurt!
You die...

##### #.####.#.### #∩'.....#
!...# #.##.......# ###.###.#
###.# #.##.##.#..# #....[<.#
#.####.##.##....# #...#####
#......##.####..# #...#
#########........# #...#
#......#.###.....# #...######
#......#.# #..<..######.....)...
#......#.###.#.@................
##........)..##......D...........
##......####.....................
##......# ##.....######...#####.
##......# #.#...# #...[.....
######### #.##### #...######
#......# #.# #...# #.####.# #.#
#...## #.####.######.# #....#####


You could see a fire dragon.

Vanquished Creatures
  Pikel (D:5)
  A two-headed ogre (D:8)
  The ghost of Rester5115 the Ruffian, an amateur TrMo (D:3)
  4 orc warriors
  2 black bears
  2 ice beasts
  A phantom (D:8)
  3 centaurs
  5 ogres
  4 bullfrogs
  A big kobold (D:8)
  A wyvern zombie (D:6)
  2 scorpions
  3 killer bees (D:7)
  4 howler monkeys
  A jelly (D:9)
  A bullfrog zombie (D:5)
  6 crimson imps
  2 centaur zombies
  4 hounds
  10 orc wizards
  A centaur skeleton (D:4)
  5 orc priests
  4 iguanas
  15 worker ants
  A hound zombie (D:7)
  A hound skeleton (D:8)
  A worker ant zombie (D:7)
  4 gnolls (D:4)
  12 adders
  A shadow imp (D:8)
  2 oozes
  3 adder skeletons
  An adder zombie (D:6)
  5 worms
  A dart slug (D:3)
  9 leopard geckos
  44 orcs
  3 giant cockroaches
  8 goblins
  9 hobgoblins
  19 jackals
  9 kobolds
  5 quokkas
  2 ball pythons (D:4)
  15 bats
  4 frilled lizards
  A leopard gecko zombie (D:5)
  2 quokka skeletons
  9 rats
255 creatures vanquished.

Vanquished Creatures (others)
  Sigmund (D:5)
  An adder skeleton (D:5)
  A quokka (D:5)
  A kobold (D:3)
  A bush (D:5)
5 creatures vanquished.

Grand Total: 260 creatures vanquished

Notes
Turn   | Place    | Note
-------+----------+-------------------------------------------
     0 | D:1      | equalderp2856 the Mummy Fighter began the quest for the Orb.
     0 | D:1      | Reached XP level 1. HP: 18/18 MP: 1/1
    79 | D:1      | Reached XP level 2. HP: 20/24 MP: 2/2
   700 | D:1      | Reached XP level 3. HP: 26/29 MP: 3/3
   968 | D:2      | Reached skill level 2 in Long Blades
  1405 | D:2      | Reached XP level 4. HP: 34/35 MP: 4/4
  1789 | D:3      | Noticed a centaur
  1802 | D:3      | Killed a centaur
  1802 | D:3      | Reached skill level 3 in Long Blades
  1802 | D:3      | Reached XP level 5. HP: 14/41 MP: 5/5
  2102 | D:3      | Found a hide-covered altar of Uskayaw.
  2179 | D:3      | Found a sacrificial altar of Ru.
  2198 | D:3      | Noticed Rester5115's ghost (amateur TrMo)
  2501 | D:4      | Reached XP level 6. HP: 12/48 MP: 6/6
  2622 | D:5      | Entered Level 5 of the Dungeon
  3159 | D:4      | Reached skill level 1 in Dodging
  3895 | D:4      | Reached XP level 7. HP: 43/54 MP: 7/7
  3919 | D:4      | Reached skill level 4 in Long Blades
  4124 | D:4      | Found a white marble altar of Elyvilon.
  4405 | D:4      | Found a basalt altar of Yredelemnul.
  4576 | D:5      | Noticed Pikel
  6439 | D:5      | Found a staircase to the Ecumenical Temple.
  6947 | D:5      | Noticed Sigmund
  7385 | D:5      | Reached XP level 8. HP: 61/61 MP: 8/8
  7658 | D:6      | Reached skill level 5 in Long Blades
  7855 | D:6      | Found a deep blue altar of Sif Muna.
  8041 | D:7      | Reached skill level 5 in Fighting
  8310 | D:7      | Noticed Dowan
  8754 | D:8      | Noticed Maurice
  8877 | D:8      | Reached skill level 6 in Long Blades
  9300 | D:7      | Noticed Duvessa
  9592 | D:8      | Found an iron altar of Okawaru.
  9913 | D:8      | Reached skill level 5 in Shields
  9962 | D:8      | Reached XP level 9. HP: 33/68 MP: 9/9
 10269 | D:8      | Found Xihazeog's Antique Armour Boutique.
 11178 | D:8      | Reached skill level 5 in Armour
 12002 | D:5      | Killed Pikel
 12002 | D:5      | Reached skill level 1 in Stealth
 12643 | D:6      | Reached skill level 7 in Long Blades
 14970 | D:9      | Found a staircase to the Orcish Mines.
 15726 | D:5      | Reached XP level 10. HP: 35/77 MP: 10/10
 16409 | D:5      | Killed Sigmund
 17197 | D:7      | Learned a level 1 spell: Confusing Touch
 17334 | D:7      | Learned a level 3 spell: Confuse
 17895 | D:3      | Killed Rester5115's ghost
 17895 | D:3      | Reached skill level 1 in Spellcasting
 17895 | D:3      | Reached skill level 1 in Hexes
 21112 | D:8      | Noticed a fire dragon
 21163 | D:8      | Killed from afar by a fire dragon

Skill      XL: |  1  2  3  4  5  6  7  8  9 10 |
---------------+-------------------------------+-----
Long Blades    | 2 3 4 6 7 |  7.5
Shields        | 3 4 5 6 |  6.3
Armour         | 3 4 5 |  5.8
Dodging        | 1 2 |  2.8
Fighting       | 4 5 6 |  6.4
Stealth        | 1 |  1.2
Spellcasting   | 1 |  1.6
Hexes          | 2 |  2.6

Action                   |  1- 3 |  4- 6 |  7- 9 | 10-12 || total
-------------------------+-------+-------+-------+-------++-------
Melee: Long sword        |   150 |   265 |   808 |   158 ||  1381
       Unarmed           |       |       |       |    17 ||    17
 Cast: Confusing Touch   |       |       |       |    11 ||    11
Evoke: Wand              |       |       |     3 |       ||     3
  Use: Scroll            |       |     3 |    13 |     2 ||    18
 Stab: Paralysed         |       |     2 |       |       ||     2
       Sleeping          |       |       |     1 |       ||     1
       Confused          |       |       |       |     2 ||     2
Armor: Scale mail        |   107 |   114 |   140 |       ||   361
       Chain mail        |       |       |   203 |       ||   203
       Robe              |       |       |    16 |    18 ||    34
Dodge: Dodged            |    46 |    80 |   278 |    73 ||   477
Block: Shield            |    91 |   170 |   476 |    39 ||   776
       Buckler           |       |       |       |    16 ||    16
       Rpst.: Long sword |    21 |    23 |    71 |    17 ||   132
